 Dungeon Crawl Stone Soup version 0.27.1-1-g398f81649c (webtiles) character file.

Game seed: 13835983451160207336

2927 GameOver the Covert (level 9, -1/68 HPs)
             Began as a Naga Hedge Wizard on Sept 12, 2021.
             Was a Follower of Kikubaaqudgha.
             Slain by a wight (17 damage)
             ... on level 7 of the Dungeon.
             The game lasted 00:53:56 (6324 turns).

GameOver the Covert (Naga Hedge Wizard)             Turns: 6324, Time: 00:53:56

Health: -1/68      AC:  5    Str: 12    XL:     9   Next: 79%
Magic:  1/18       EV:  9    Int: 18    God:    Kikubaaqudgha [*.....]
Gold:   245        SH:  0    Dex: 11    Spells: 9/20 levels left

rFire    . . .     SeeInvis +   w - +0 quarterstaff
rCold    . . .     Faith    .   (shield currently unavailable)
rNeg     . . .     Spirit   .   b - +0 robe
rPois    +         Reflect  .   c - +0 helmet
rElec    .         Harm     .   g - scarf {+Inv}
rCorr    .         Rampage  .   (no gloves)
Will     +....                  (no barding)
Stlth    ++++......             (no amulet)
HPRegen  0.21/turn              (no ring)
MPRegen  0.16/turn              (no ring)

@: studying Axes, very slow
A: AC +3, large, see invisible, deformed body, poison resistance, slowness 2,
spit poison 1, naga tail 1
a: Spit Poison, Renounce Religion, Evoke Invisibility, Receive Corpses


You were on level 7 of the Dungeon.
You worshipped Kikubaaqudgha.
Kikubaaqudgha was aware of your devotion.
You visited 2 branches of the dungeon, and saw 8 of its levels.
You also visited: Sewer.

You collected 245 gold pieces.

Inventory:

Hand Weapons
 a - a +0 short sword
 s - a +0 spear
 w - a +0 quarterstaff (weapon)
 C - a +1 flail of protection
Missiles
 d - 105 stones
 F - a throwing net
Armour
 b - a +0 robe (worn)
 c - a +0 helmet (worn)
 f - a +0 buckler
 g - a scarf of invisibility (worn)
Magical Staves
 e - a staff of death
Wands
 u - a wand of flame (15)
 z - a wand of iceblast (10)
 E - a wand of paralysis (10)
Scrolls
 m - a scroll of amnesia {unknown}
 q - 2 scrolls of teleportation {unknown}
 t - 3 scrolls of identify {unknown}
 A - a scroll of fear {unknown}
 B - a scroll of vulnerability {unknown}
Potions
 h - 2 potions of invisibility
 i - a potion of curing
 j - 2 potions of lignification
 k - a potion of degeneration {unknown}
 l - 2 potions of attraction {unknown}
 n - 4 potions of magic {unknown}
 o - 4 potions of cancellation {unknown}
 p - 4 potions of resistance
 r - 4 potions of heal wounds
 v - a potion of flight {unknown}
 x - a potion of mutation {unknown}
 y - 6 potions of haste
 D - a potion of might {unknown}


   Skills:
 - Level 1.5 Dodging
 - Level 9.0 Stealth
 - Level 6.0 Spellcasting
 - Level 6.4 Conjurations
 - Level 1.0 Summonings
 + Level 4.5 Necromancy
 - Level 1.0 Translocations
 + Level 0.9 Air Magic
 - Level 9.0 Poison Magic


You had 9 spell levels left.
You knew the following spells:

 Your Spells              Type           Power      Damage    Failure   Level
a - Magic Dart            Conj           100%       1d8       1%          1
b - Blink                 Tloc           N/A        N/A       12%         2
d - Mephitic Cloud        Conj/Pois/Air  25%        N/A       3%          3
f - Airstrike             Air            4%         N/A       63%         4
z - Apportation           Tloc           18%        N/A       8%          1

Your spell library contained the following spells:

 Spells                   Type           Power      Damage    Failure   Level
 Pain                     Necr           84%        1d8       1%          1
 Shock                    Conj/Air       72%        1d7       2%          1
 Sublimation of Blood     Necr           10%        N/A       2%          2
 Vampiric Draining        Necr           10%        2d7       5%          3
 Corpse Rot               Necr/Air       N/A        N/A       6%          2
 Summon Small Mammal      Summ           36%        N/A       8%          1
 Conjure Flame            Conj/Fire      16%        6-21      10%         3
 Call Imp                 Summ           9%         N/A       12%         2
 Slow                     Hex            5%         N/A       19%         2
 Call Canine Familiar     Summ           9%         N/A       24%         3
 Lesser Beckoning         Tloc           4%         N/A       24%         3
 Swiftness                Air            8%         N/A       24%         3
 Summon Guardian Golem    Hex/Summ       7%         N/A       28%         3
 Confusing Touch          Hex            5%         N/A       34%         3
 Alistair's Intoxication  Tmut/Pois      14%        N/A       45%         5
 Manifold Assault         Tloc           9%         N/A       91%         5
 Yara's Violent Unravell  Hex/Tmut       2%         3d3       97%         5
 Invisibility             Hex            2%         N/A       100%        6


Dungeon Overview and Level Annotations

Branches:
Dungeon (7/15)             Temple (1/1) D:5           Sewer (visited)

Altars:
Ashenzari
Cheibriados
Dithmenos
Elyvilon
Hepliaklqana
Kikubaaqudgha
Makhleb
Qazlal
Ru
Sif Muna
Trog
Uskayaw
Wu Jian
Yredelemnul
The Shining One


Innate Abilities, Weirdness & Mutations

Your serpentine skin is tough. (AC +3)
You have supernaturally acute eyesight. (SInv)
Armour fits poorly on your strangely shaped body.
Your system is resistant to poisons. (rPois)
You cover ground very slowly.
You can spit poison.
You have a snake-like lower body.


Message History

You barely miss the wight.
The wight is lightly damaged.
The wight hits you but does no damage. The wight hits you with a +2 battleaxe.
You hit the wight.
The wight is lightly damaged.
Your transformation is almost over.
The wight hits you but does no damage. The wight hits you with a +2 battleaxe.
The wight hits you but does no damage.
Casting: Magic Dart (safe; 1% risk of failure)
Confirm with . or Enter, or press ? or * to list all spells.
Aiming: Magic Dart (safe; 1% risk of failure)
Press: ? - help, Shift-Dir - straight line, f/p - wight
Aim: a wight, wielding a +2 battleaxe and wearing a +0 robe (lightly damaged, 100% to hit)
The magic dart hits the wight.
The wight is heavily damaged.
The wight hits you with a +2 battleaxe! The wight hits you but does no damage.
You hit the wight but do no damage.
The wight is heavily damaged.
The wight hits you but does no damage. x3
You barely miss the wight.
The wight is heavily damaged.
The wight hits you but does no damage. x2
You hit the wight.
The wight is heavily damaged.
The wight hits you but does no damage. The wight hits you with a +2 battleaxe.
The wight hits you but does no damage.
You barely miss the wight.
The wight is heavily damaged.
The wight hits you with a +2 battleaxe! The wight hits you with a +0 hand axe.
The wight hits you with a +2 battleaxe.
You barely miss the wight.
The wight is heavily damaged.
You feel less wooden.
Your scarf of invisibility unmelds from your body.
Your +0 helmet unmelds from your body.
Your +0 robe unmelds from your body.
You become transparent for a moment.
The wight hits you with a +0 hand axe!
* * * LOW HITPOINT WARNING * * *
The wight hits you with a +2 battleaxe!
You die...
Kikubaaqudgha rasps: "You have failed me!
Welcome... death!"

...........##....###
..........(#........
......##.......####.
......#..##...## ##
### ##..####..# #
#...####.........## #
#..z...........#####
#.##zz..###........#.
#.##@#### ###..###...
##....### #..## ..
#.......## #..# .
#.##..#...####.## #
#..####...#..# ###
###...## ##..# ##..#
#..#


You could see 3 wights.

Vanquished Creatures
  Grinder (D:5)
  A shadow (D:6)
  Edmund (D:6)
  3 water moccasins
  An ice beast (D:6)
  An ogre (D:5)
  4 kobold brigands (Sewer)
  2 bullfrogs
  A gnoll sergeant (D:4)
  A scorpion (D:5)
  2 wights (D:7)
  7 howler monkeys
  A centaur zombie (D:5)
  A jelly (D:6)
  2 bullfrog zombies (D:6)
  3 hounds
  2 orc priests (D:5)
  A gnoll shaman (D:5)
  Jessica (D:3)
  3 iguanas
  Terence (D:3)
  A scorpion zombie (D:4)
  2 orc wizards (D:5)
  A hound zombie (D:4)
  A hound skeleton (D:4)
  A howler monkey zombie (D:6)
  Robin (D:3)
  7 adders
  23 gnolls
  2 howler monkey skeletons (D:6)
  9 river rats
  A white imp (D:6)
  A worm (D:3)
  A dart slug (D:2)
  16 orcs
  6 endoplasms
  6 giant cockroaches
  14 goblins
  6 hobgoblins
  12 jackals (D:5)
  6 quokkas
  12 ball pythons
  6 bats
  2 frilled lizards
  15 kobolds
  23 rats
215 creatures vanquished.

Vanquished Creatures (others)
  A plant (D:5)
1 creature vanquished.

Grand Total: 216 creatures vanquished

Notes
Turn   | Place    | Note
-------+----------+-------------------------------------------
     0 | D:1      | GameOver the Naga Hedge Wizard began the quest for the Orb.
     0 | D:1      | Reached XP level 1. HP: 15/15 MP: 4/4
   223 | D:1      | Reached XP level 2. HP: 22/22 MP: 6/6
   723 | D:2      | Reached XP level 3. HP: 28/28 MP: 4/7
   730 | D:2      | Learned a level 2 spell: Blink
   734 | D:2      | Learned a level 3 spell: Mephitic Cloud
  1045 | D:2      | Found a stormy altar of Qazlal.
  1086 | D:3      | Noticed Jessica
  1091 | D:3      | Killed Jessica
  1092 | D:3      | Reached XP level 4. HP: 36/36 MP: 3/8
  1226 | D:3      | Noticed Terence
  1344 | D:3      | Reached XP level 5. HP: 42/42 MP: 9/9
  1401 | D:3      | Found a glowing drain.
  1405 | Sewer    | Entered a sewer
  1549 | Sewer    | Reached skill level 5 in Conjurations
  1881 | Sewer    | Reached skill level 1 in Poison Magic
  2033 | Sewer    | Reached XP level 6. HP: 28/49 MP: 3/10
  2358 | Sewer    | Reached XP level 7. HP: 52/55 MP: 7/11
  2363 | Sewer    | Reached skill level 5 in Stealth
  2672 | D:3      | Killed Terence
  2736 | D:3      | Noticed Robin
  2743 | D:3      | Killed Robin
  3278 | D:4      | Learned a level 1 spell: Apportation
  3676 | D:4      | Reached XP level 8. HP: 49/62 MP: 0/13
  3679 | D:4      | Found a basalt altar of Yredelemnul.
  3737 | D:5      | Entered Level 5 of the Dungeon
  3787 | D:5      | Reached skill level 5 in Poison Magic
  3824 | D:5      | Found a shadowy altar of Dithmenos.
  4065 | D:5      | Found a staircase to the Ecumenical Temple.
  4074 | Temple   | Entered the Ecumenical Temple
  4120 | Temple   | Became a worshipper of Kikubaaqudgha
  4487 | D:5      | Reached skill level 1 in Necromancy
  4490 | D:5      | Noticed Grinder
  4514 | D:5      | Killed Grinder
  4644 | D:5      | Learned a level 4 spell: Airstrike
  4698 | D:5      | Reached XP level 9. HP: 66/68 MP: 4/16
  4712 | D:5      | Reached * piety under Kikubaaqudgha
  4712 | D:5      | Received a gift from Kikubaaqudgha
  5031 | D:5      | Reached skill level 5 in Spellcasting
  5099 | D:5      | Identified the +3 falchion of the Glimmering Owl {distort,
                  | rC+ Dex+3 SInv}
  6023 | D:6      | Noticed Edmund
  6065 | D:6      | Killed Edmund
  6324 | D:7      | Slain by a wight

Illustrated notes

Levels and vault maps discovered:
D:1:      minmay_arrival_split_and_join, layout_basic,
          minmay_misc_feat_more_columns
D:2:      layout_rooms, basic_altar
D:3:      layout_basic, gup_sewer_entry_spiral, kennysheep_potato, uniq_robin,
          uniq_jessica, uniq_terence
D:4:      layout_basic, lemuel_zombie_altar_yredelemnul
D:5:      lemuel_castle_with_subvaults [lemuel_castle_interior_carwin_2],
          layout_gridville, nicolae_dithmenos_through_a_glass_darkly,
          minmay_temple_entry_sparse_star, amcnicky_mini_pool_small,
          uniq_grinder
D:6:      minmay_clustersquares, layout_rooms, uniq_edmund
D:7:      layout_layer_cave, zin_academy, serial_shops, shop
Temple:   kb_temple_of_zot

Skill      XL: |  1  2  3  4  5  6  7  8  9 |
---------------+----------------------------+-----
Conjurations   | 2 4 5 6 |  6.4
Poison Magic   | 1 2 4 7 9 |  9.0
Stealth        | 4 6 8 9 |  9.0
Spellcasting   | 4 6 |  6.0
Necromancy     | 2 4 |  4.5
Dodging        | |  1.5
Summonings     | |  1.0
Translocations | |  1.0
Air Magic      | |  0.9

Action                   |  1- 3 |  4- 6 |  7- 9 || total
-------------------------+-------+-------+-------++-------
Melee: Dagger            |     3 |       |       ||     3
       Short sword       |     2 |     1 |       ||     3
       Quarterstaff      |       |    13 |    69 ||    82
Throw: Stone             |       |       |     4 ||     4
 Cast: Magic Dart        |    36 |    98 |   359 ||   493
       Mephitic Cloud    |       |     4 |    11 ||    15
 Abil: Spit Poison       |    35 |    57 |   104 ||   196
Evoke: Wand              |       |       |     2 ||     2
  Use: Potion            |       |       |     5 ||     5
 Stab: Confused          |       |     1 |     3 ||     4
       Sleeping          |       |       |     1 ||     1
       Invisible         |       |       |     1 ||     1
Armor: Robe              |     5 |    24 |    52 ||    81
       Skin              |       |       |    42 ||    42
Dodge: Dodged            |    10 |    46 |    76 ||   132
